 Dungeon Crawl Stone Soup version 0.21-a0-536-gdbbf329e9e (webtiles) character file.

54 Banto the Skirmisher (level 3, -5/30 HPs)
             Began as a Demigod Wanderer on Dec 12, 2017.
             Slain by Sigmund
             ... wielding a +0 scythe
              (12 damage)
             ... on level 2 of the Dungeon on Dec 14, 2017.
             The game lasted 00:05:40 (2146 turns).

Banto the Skirmisher (Demigod Wanderer)             Turns: 2146, Time: 00:05:41

Health: -5/30      AC:  2    Str: 17    XL:     3   Next: 44%
Magic:  7/9        EV: 11    Int: 17    God:
Gold:   32         SH:  0    Dex: 14    Spells: 2/7 levels left

rFire    . . .     SeeInvis .   h - +0 dagger
rCold    . . .     Gourm    .   (no shield)
rNeg     . . .     Faith    .   d - +0 robe
rPois    .         Spirit   .   (no helmet)
rElec    .         Reflect  .   (no cloak)
rCorr    .         Harm     .   (no gloves)
MR       .....                  (no boots)
Stlth    +.........             (no amulet)
HPRegen  0.10/turn              (no ring)
MPRegen  0.11/turn              (no ring)

@: no status effects
A: high mp 1
a: no special abilities


You were on level 2 of the Dungeon.
You were hungry.

You visited 1 branch of the dungeon, and saw 2 of its levels.

You collected 32 gold pieces.

Inventory:

Hand Weapons
 h - a +0 dagger (weapon)
Missiles
 e - 20 stones (quivered)
Armour
 d - a +0 robe (worn)
Jewellery
 g - an uncursed ring of flight {unknown}
 j - a cursed ring of loudness {unknown}
Scrolls
 k - 2 scrolls of identify {unknown}
Potions
 i - a potion of curing {unknown}
 l - a potion of haste {unknown}
Books
 a - a book of Minor Magic

   Spells                             Type                      Level
   a - Magic Dart                     Conjuration                  1
   b - Blink                          Translocation                2
   c - Call Imp                       Summoning                    2
   d - Slow                           Hexes                        2
   e - Conjure Flame                  Conjuration/Fire             3
   f - Mephitic Cloud                 Conjuration/Poison/Air       3
 b - Waemeth's Papyrus of the Glacier

   Spells                             Type                      Level
   a - Throw Frost                    Conjuration/Ice              2
   b - Ensorcelled Hibernation        Hexes/Ice                    2
 c - the Reference Book on the Rocks

   Spells                             Type                      Level
   a - Sandblast                      Earth                        1
   b - Stone Arrow                    Conjuration/Earth            3
Comestibles
 f - 2 bread rations
 m - 3 chunks of flesh


   Skills:
 - Level 2.6 Fighting
   Level 1.7 Crossbows
 - Level 1.0 Throwing
   Level 1.0 Shields
 + Level 2.5 Spellcasting
 + Level 1.4 Conjurations
 - Level 1.7 Earth Magic


You had 2 spell levels left.
You knew the following spells:

 Your Spells              Type           Power        Failure   Level  Hunger
a - Sandblast             Erth           #.....       9%          1    #......
b - Magic Dart            Conj           #...         10%         1    #......
c - Mephitic Cloud        Conj/Pois/Air  #.......     41%         3    ###....


Dungeon Overview and Level Annotations

Branches:
Dungeon (2/15)

Annotations:
D:1 Terence
D:2 Sigmund


Innate Abilities, Weirdness & Mutations

You have an increased reservoir of magic. (+10% MP)


Message History

Aiming: Mephitic Cloud
Press: ? - help, Shift-Dir - straight line, f/p - Sigmund
Aim: Sigmund, wielding a scythe, wearing a robe and carrying a wand of polymorph (13) (lightly wounded)
The ball explodes into a vile cloud!
The stinking cloud engulfs Sigmund.
Sigmund is lightly wounded.
Sigmund is engulfed in noxious fumes.
Sigmund appears confused.
You now have 6/9 mp.
You barely miss Sigmund.
Sigmund is lightly wounded.
Sigmund seems less confused.
Sigmund hits you with a scythe!
You take 10 damage, and have 20/30 hp.
MASSIVE DAMAGE!!
You hit Sigmund but do no damage.
Sigmund is lightly wounded.
Sigmund points at you and mumbles some strange words.
The puff of flame hits you!
* * * LOW HITPOINT WARNING * * *
You take 13 damage, and have 7/30 hp.
MASSIVE DAMAGE!!
You are too injured to fight recklessly!
Sigmund hits you from afar with a scythe!
You die...

#.#####.# #.# #.#
#.#####.# #.#.....#
### #.#.##..# ##.##
#.#.##..# ##...####
#.#.##..####.....#..
#..................#
###@##########.#####
#####.### #.#
#....@..# #.#
#.###.#.### ##'##
##.....# ##...##
.......#.# ##.....##
#####.##.#
#.......##
##...#.##.........#
#.†.....'......<..'


You could see Sigmund.

Vanquished Creatures
  An adder (D:2)
  A gnoll (D:1)
  An ooze (D:1)
  2 leopard geckos (D:1)
  A bat (D:1)
  2 giant cockroaches (D:1)
  3 hobgoblins (D:1)
  2 frilled lizards
  7 goblins
  2 kobolds (D:1)
  8 rats
30 creatures vanquished.

Notes
Turn   | Place    | Note
-------+----------+-------------------------------------------
     0 | D:1      | Banto the Demigod Wanderer began the quest for the Orb.
     0 | D:1      | Banto set off with: a book of Minor Magic, Waemeth's Papyrus of the Glacier, the Reference Book on the Rocks, a +0 robe, a +0 club, a bread ration
     0 | D:1      | Reached XP level 1. HP: 18/18 MP: 4/4
    10 | D:1      | Identified Waemeth's Papyrus of the Glacier
    10 | D:1      | Identified the Reference Book on the Rocks
    13 | D:1      | Upgraded the game from 0.21-a0-531-gacddea6133 to 0.21-a0-536-gdbbf329e9e
    15 | D:1      | Learned a level 1 spell: Sandblast
    17 | D:1      | Learned a level 1 spell: Magic Dart
   209 | D:1      | Reached XP level 2. HP: 20/25 MP: 0/7
   962 | D:1      | Reached skill level 1 in Conjurations
   962 | D:1      | Reached XP level 3. HP: 9/30 MP: 0/9
  1238 | D:2      | Noticed Terence
  1977 | D:2      | Noticed Sigmund
  2096 | D:2      | Learned a level 3 spell: Mephitic Cloud
  2146 | D:2      | Slain by Sigmund

Vault maps used:
D:1:      dpeg_arrival_ratfight, okawaru_ov_weapons_minmay
D:2:      lemuel_coloured_pillars_altar, makhleb_heckhound_becter, uniq_terence,
          uniq_sigmund

Skill      XL: |  1  2 |
---------------+-------+-----
Spellcasting   | 2 |  2.5
Conjurations   | 1 |  1.4
Fighting       | |  2.6
Crossbows      | |  1.7
Throwing       | |  1.0
Shields        | |  1.0
Earth Magic    | |  1.7

Action                   || total
-------------------------++-------
Melee: Club              ||    15
       Dagger            ||    49
 Cast: Magic Dart        ||    55
       Sandblast         ||    25
       Mephitic Cloud    ||     2
  Use: Scroll            ||     1
 Stab: Sleeping          ||     1
  Eat: Chunk             ||     5
Armor: Robe              ||    15
Dodge: Dodged            ||    65

Table legend:
 A = Spawn XP
 B = Non-spawn XP
 C = Spawn XP percentage of total XP
 D = Spawn monster count
 E = Non-spawn monster count
 F = Spawn count percentage of total count
 G = Total turns spent on level
                    A         B        C        D         E        F      G
               +---------+---------+-------+---------+---------+-------+---------
         Total |       0 |      78 |   0.0 |       0 |      30 |   0.0 |  2146
               +---------+---------+-------+---------+---------+-------+---------
           D:1 |       0 |      56 |   0.0 |       0 |      24 |   0.0 |  1447
           D:2 |       0 |      22 |   0.0 |       0 |       6 |   0.0 |   699
               +---------+---------+-------+---------+---------+-------+---------

Table legend:
 A = Turns spent in this place as a percentage of turns spent in the entire game.
 B = Non-inter-level travel turns spent in this place as a percentage of non-inter-level travel turns spent in the entire game.
 C = Inter-level travel turns spent in this place as a percentage of turns spent in this place.
 D = Turns resting spent in this place as a percentage of non-inter-level travel turns spent in this place.
 E = Turns spent auto-exploring this place as a percentage of non-inter-level travel turns spent in this place.
 F = Non-inter-level travel turns spent in this place divided by the number of levels of this place that you've seen.
                   A       B       C       D       E      F
               +-------+-------+-------+-------+-------+----------------------
         Total | 100.0 | 100.0 |   0.8 |  44.0 |  20.7 | 1064.0
       Dungeon | 100.0 | 100.0 |   0.8 |  44.0 |  20.7 | 1064.0
               +-------+-------+-------+-------+-------+----------------------

Table legend:
 A = Kills in this place as a percentage of kills in entire the game.
 B = Kills by you in this place as a percentage of kills by you in the entire game.
 C = Kills by friends in this place as a percentage of kills by friends in the entire game.
 D = Other kills in this place as a percentage of other kills in the entire game.
 E = Experience gained in this place as a percentage of experience gained in the entire game.
 F = Experience gained in this place divided by the number of levels of this place that you have seen.
                   A       B       C       D       E      F
               +-------+-------+-------+-------+-------+----------------------
         Total | 100.0 | 100.0 |   N/A |   N/A | 100.0 |  39.0
       Dungeon | 100.0 | 100.0 |   N/A |   N/A | 100.0 |  39.0
               +-------+-------+-------+-------+-------+----------------------
